 Dungeon Crawl Stone Soup version 0.28.0-53-g5a82cb258f (webtiles) character file.

Game seed: 18236793105818319551

820 styxcanada the Covert (level 7, -2/35 HPs)
             Began as a Spriggan Brigand on June 9, 2022.
             Slain by a killer bee zombie (7 damage)
             ... on level 5 of the Dungeon.
             The game lasted 00:18:22 (4801 turns).

styxcanada the Covert (Spriggan Brigand)            Turns: 4801, Time: 00:18:22

Health: -2/35      AC:  3    Str:  7    XL:     7   Next: 63%
Magic:  12/12      EV: 19    Int: 12    God:
Gold:   171        SH:  0    Dex: 19    Spells: 8/11 levels left

rFire   . . .      SeeInvis +   r - +3 dagger (venom)
rCold   . . .      Faith    .   (no shield)
rNeg    . . .      Spirit   .   b - +0 robe
rPois   .          Reflect  .   (helmet restricted)
rElec   .          Harm     .   c - +0 cloak
rCorr   +          Rampage  .   (gloves unavailable)
Will    +....                   (boots unavailable)
Stlth   +++++.....              (no amulet)
HPRegen 0.11/turn               m - ring of resist corrosion
MPRegen 0.13/turn               (no ring)

@: very quick
A: very small, no large weapons, unfitting armour, see invisible, speed 3
a: no special abilities


You were on level 5 of the Dungeon.
You visited 1 branch of the dungeon, and saw 5 of its levels.

You collected 171 gold pieces.

Inventory:

Hand Weapons
 a - a +2 dagger
 l - a +0 hunting sling
 q - a +1 vampiric short sword
 r - a +3 dagger of venom (weapon)
Missiles
 d - 17 poisoned darts (quivered)
 e - 2 curare-tipped darts
 g - 10 boomerangs
 i - 86 stones
Armour
 b - a +0 robe (worn)
 c - a +0 cloak (worn)
 o - a +0 buckler
Jewellery
 k - the amulet of Finality {Acrobat rPois Str-5 Int+4}
   (You found it on level 2 of the Dungeon)

   [amulet of the acrobat]

   It increases your evasion while moving and waiting.
   Str:       It affects your strength (-5).
   Int:       It affects your intelligence (+4).
   rPois:     It protects you from poison.
 m - a ring of resist corrosion (left hand)
Wands
 w - a wand of flame (10)
Scrolls
 n - 3 scrolls of magic mapping
Potions
 f - 2 potions of might
 h - 2 potions of lignification
 j - a potion of brilliance
 p - 2 potions of curing
 s - a potion of resistance {unknown}
 t - 2 potions of degeneration {unknown}
 u - a potion of invisibility {unknown}
 v - a potion of mutation {unknown}


   Skills:
 * Level 2.5 Fighting
 + Level 3.6 Short Blades
 + Level 1.1(2.3) Slings
 + Level 2.6(2.7) Throwing
 * Level 4.0 Dodging
 * Level 9.6 Stealth
 * Level 2.7 Spellcasting
 * Level 1.7 Conjurations
 * Level 1.9 Earth Magic
 * Level 1.4 Evocations


You had 8 spell levels left.
You knew the following spells:

 Your Spells              Type           Power      Damage    Failure   Level
a - Stone Arrow           Conj/Erth      12%        3d7       34%         3

Your spell library contained the following spells:

 Spells                   Type           Power      Damage    Failure   Level
 Animate Armour           Summ/Erth      6%         N/A       86%         4
 Lehudib's Crystal Spear  Conj/Erth      3%         10d2      100%        8


Dungeon Overview and Level Annotations

Branches:
Dungeon (5/15)
 Temple: D:4-7

Altars:
Kikubaaqudgha
Uskayaw


Innate Abilities, Weirdness & Mutations

You are very small and have problems with some larger weapons.
You are too small for most types of armour.
You have supernaturally acute eyesight. (SInv)
You cover ground extremely quickly. (Speed+++)


Message History

You completely miss the wyvern skeleton.
The wyvern skeleton is severely damaged.
The wyvern skeleton barely misses you.
You barely miss the wyvern skeleton.
The wyvern skeleton is severely damaged.
The wyvern skeleton bites you!
You hit the wyvern skeleton.
The wyvern skeleton is almost destroyed.
The wyvern skeleton barely misses you.
You hit the wyvern skeleton.
The wyvern skeleton is almost destroyed.
The wyvern skeleton bites you.
You hit the wyvern skeleton.
You destroy the wyvern skeleton!
Your Dodging skill increases to level 4!
You see here an iguana corpse.
x - a scroll of identify
As you read the scroll of identify, it crumbles to dust.
p - 2 potions of curing You start resting.
A killer bee zombie is nearby!
The killer bee zombie completely misses you.
You see here an iguana corpse.
You barely miss the killer bee zombie.
The killer bee zombie completely misses you.
You closely miss the killer bee zombie.
The killer bee zombie closely misses you.
The killer bee zombie completely misses you.
You hit the killer bee zombie but do no damage.
The killer bee zombie completely misses you.
You miss the killer bee zombie. The killer bee zombie hits you!
* * * LOW HITPOINT WARNING * * *
The killer bee zombie hits you.
* * * LOW HITPOINT WARNING * * *
You closely miss the killer bee zombie. The killer bee zombie misses you.
The killer bee zombie misses you.
The killer bee zombie barely misses you.
Found 10 gold pieces.
The killer bee zombie hits you!
You die...

#..# #.# # ...# #.#
# #..# #.. # #..# ##
.# .# # .#
###############..###
.#
#..........Z@.$.....
.#
#.########.####.###.
.# #.# #.# .# #.#
#.. .# #.# ##+# .#
#.# .# #.####### .#
#.......+ .#
#.#####.#


You could see a killer bee zombie.

Vanquished Creatures
  2 black bears
  An ogre (D:5)
  A necrophage (D:4)
  2 scorpions (D:5)
  A wyvern skeleton (D:5)
  A howler monkey (D:4)
  3 iguanas
  Robin (D:3)
  A howler monkey skeleton (D:4)
  5 adders
  2 ufetubi (D:4)
  An adder skeleton (D:4)
  2 worms
  4 dart slugs
  9 orcs
  9 ball pythons
  6 endoplasms
  3 giant cockroaches
  9 goblins
  10 hobgoblins
  4 kobolds
  4 quokkas
  5 bats
  2 frilled lizards
  3 rats
91 creatures vanquished.

Vanquished Creatures (others)
  17 plants (D:3)
17 creatures vanquished.

Grand Total: 108 creatures vanquished

Notes
Turn   | Place    | Note
-------+----------+-------------------------------------------
     0 | D:1      | styxcanada the Spriggan Brigand began the quest for the
                  | Orb.
     0 | D:1      | Reached XP level 1. HP: 10/10 MP: 2/2
    99 | D:1      | Reached skill level 6 in Stealth
   489 | D:1      | Reached XP level 2. HP: 14/14 MP: 3/3
   947 | D:1      | Found a faded altar of an unknown god.
  1202 | D:2      | Identified the amulet of Finality {Acrobat rPois Str-5
                  | Int+4}
  1322 | D:2      | Reached skill level 7 in Stealth
  1390 | D:2      | Reached XP level 3. HP: 18/18 MP: 4/4
  2153 | D:3      | Reached XP level 4. HP: 23/23 MP: 5/5
  2159 | D:3      | Learned a level 3 spell: Stone Arrow
  2257 | D:3      | Reached skill level 8 in Stealth
  2813 | D:3      | Noticed Robin
  2847 | D:3      | Killed Robin
  2907 | D:3      | Noticed a black bear
  2959 | D:3      | Found an ancient bone altar of Kikubaaqudgha.
  2964 | D:3      | Killed a black bear
  2965 | D:3      | Reached skill level 1 in Spellcasting
  2965 | D:3      | Reached XP level 5. HP: 14/26 MP: 6/8
  3841 | D:4      | Noticed a black bear
  3843 | D:4      | Reached XP level 6. HP: 29/30 MP: 9/9
  3861 | D:4      | Reached skill level 9 in Stealth
  3861 | D:4      | Reached skill level 1 in Conjurations
  3861 | D:4      | Reached skill level 1 in Earth Magic
  3937 | D:4      | Found a hide-covered altar of Uskayaw.
  4458 | D:5      | Entered Level 5 of the Dungeon
  4477 | D:5      | Reached XP level 7. HP: 35/35 MP: 11/11
  4684 | D:5      | Reached skill level 1 in Slings
  4684 | D:5      | Reached skill level 1 in Evocations
  4801 | D:5      | Slain by a killer bee zombie

Illustrated notes

Levels and vault maps discovered:
D:1:      dpeg_chamrin_arrival_tetris, layout_loops_ring,
          basic_ecumenical_altar, minmay_pentomino_v4
D:2:      layout_basic, minmay_misc_feat_chi
D:3:      layout_loops_ring, mainiacjoe_overflow_six_doors_small,
          chequers_serial_rivers_micro_e, serial_bayou_lake_a, uniq_robin
D:4:      kennysheep_big_flooded_room, layout_gridville,
          nicolae_uskayaw_suspiria, chequers_serial_rivers_room_a
D:5:      layout_loops_ring, minmay_temple_entry_glassed_door

Skill      XL: |  1  2  3  4  5  6  7 |
---------------+----------------------+-----
Stealth        | 6 7 8 9 |  9.6
Dodging        | 2 3 4 |  4.0
Spellcasting   | 1 2 |  2.7
Fighting       | 2 |  2.5
Short Blades   | 3 |  3.6
Conjurations   | 1 |  1.7
Earth Magic    | 1 |  1.9
Slings         | 1 |  1.1
Evocations     | 1 |  1.4
Throwing       | |  2.6

Action                   |  1- 3 |  4- 6 |  7- 9 || total
-------------------------+-------+-------+-------++-------
Melee: Dagger            |   102 |   125 |    27 ||   254
       Short sword       |       |    29 |       ||    29
       Punch             |       |       |     1 ||     1
 Fire: Hunting sling     |       |    10 |       ||    10
Throw: Dart              |     1 |    31 |     8 ||    40
Evoke: Wand              |       |       |     1 ||     1
  Use: Scroll            |       |     8 |     1 ||     9
 Stab: Sleeping          |    14 |     9 |     1 ||    24
       Distracted        |       |     2 |       ||     2
Armor: Robe              |    13 |     9 |     2 ||    24
Dodge: Dodged            |    49 |   122 |    32 ||   203
